 Dungeon Crawl Stone Soup version 0.31-a0-229-g1fc7ce93e2 (webtiles) character file.

Game seed: 11891197332676144177

1050 qw the Skirmisher (level 8, -1/68 HPs)
             Began as a Minotaur Hexslinger on July 6, 2023.
             Slain by an orc wizard
             ... wielding a +4 dagger of electrocution
              (4 damage)
             ... on level 5 of the Dungeon.
             The game lasted 00:02:06 (3771 turns).

qw the Skirmisher (Minotaur Hexslinger)             Turns: 3771, Time: 00:02:06

Health: -1/68      AC:  6    Str: 14    XL:     8   Next: 5%
Magic:  8/8        EV: 11    Int: 10    God:
Gold:   76         SH:  5    Dex: 14    Spells: 8/9 levels left

rFire   . . .        Y - +3 shortbow
rCold   . . .        (shield currently unavailable)
rNeg    + . .        k - +0 ring mail
rPois   .            (helmet restricted)
rElec   .            (no cloak)
rCorr   .            b - +0 pair of gloves
SInv    .            (no boots)
Will    .....        o - amulet of reflection
Stlth   +            e - ring of Doriv {Fly rN+}
HPRegen 0.31/turn    (no ring)
MPRegen 0.11/turn

%: reflection
@: flying
A: horns 2, retaliatory headbutt
a: no special abilities


You were on level 5 of the Dungeon.
You visited 2 branches of the dungeon, and saw 6 of its levels.

You collected 196 gold pieces.
You spent 120 gold pieces at shops.


Innate Abilities, Weirdness & Mutations

You have a pair of horns on your head.
You reflexively headbutt those who attack you in melee.


   Skills:
 + Level 5.2 Fighting
 - Level 9.0 Ranged Weapons
 - Level 2.3 Armour
 - Level 2.1 Dodging
 - Level 1.0 Spellcasting
 - Level 2.0 Hexes


You had 8 spell levels left.
You knew the following spells:

 Your Spells              Type           Power      Damage    Failure   Level
a - Slow                  Hex            16%        N/A       30%         1

Your spell library contained the following spells:

 Spells                   Type           Power      Damage    Failure   Level
 Inner Flame              Hex/Fire       2%         N/A       80%         3
 Portal Projectile        Hex/Tloc       4%         N/A       80%         3
 Cause Fear               Hex            2%         N/A       96%         4

Inventory:

Hand Weapons
 Y - a +3 shortbow (weapon)
Armour
 b - a +0 pair of gloves (worn)
 k - a +0 ring mail (worn)
Jewellery
 e - the ring of Doriv (left hand) {Fly rN+}
   (You found it on level 2 of the Dungeon)

   [ring of flight]

   rN:        It protects you from negative energy.
   Fly:       It grants you flight.
 i - a +3 ring of strength
 o - an amulet of reflection (around neck)
Potions
 a - a potion of mutation {unknown}
 c - a potion of lignification {unknown}
 d - a potion of resistance {unknown}
 f - a potion of heal wounds
 g - a potion of curing
 h - a potion of attraction {unknown}
 j - a potion of invisibility {unknown}
 l - 2 potions of haste

Dungeon Overview and Level Annotations

Branches:
Dungeon (5/15)             Temple (1/1) D:4

Altars:
Cheibriados
Dithmenos
Elyvilon
Gozag
Hepliaklqana
Kikubaaqudgha
Makhleb
Nemelex Xobeh
Qazlal
Uskayaw
Vehumet
Wu Jian
Yredelemnul
Zin

Shops:
D:5 =

Annotations:
D:1 exclusion: gnoll


Message History

Something hits you but does no damage.
The black bear goes berserk!
You shoot an arrow. The arrow hits the black bear.
The black bear is almost dead.
You block the black bear's attack. The black bear closely misses you.
You block the black bear's attack. Something hits you.
The black bear bites you.
The black bear claws you but does no damage.
The black bear closely misses you.
You shoot an arrow. The arrow hits the black bear.
You kill the black bear!
Something hits you.
A magic dart appears from out of thin air!
The magic dart hits you.
Your Ranged Weapons skill increases to level 9!
You have reached level 8!
You feel stronger.
You shoot an arrow. Something hits you.
You shoot an arrow. Something barely misses you.
Something hits you but does no damage.
You shoot an arrow.
Reactivating autopickup.
You feel a bit more experienced. You block something's attack.
Deactivating autopickup; reactivate with Ctrl-A.
You shoot an arrow. Something hits you. x2
You shoot an arrow. Something hits you.
You shoot an arrow. Something hits you.
You shoot an arrow. You block something's attack.
You shoot an arrow. Something hits you.
You shoot an arrow. Something hits you.
You shoot an arrow. Something hits you.
You are electrocuted!!
You shoot an arrow. Something hits you.
You die...

............##
.)......#####...
...####.......#
...#...######...
##+###...#....###
.........'.......
.........#.......
.........########
......)@.#
....###'## ####
%.. .)).. #....!#
#.....# #.....#
#.....#


There were no monsters in sight!

Vanquished Creatures
  A black bear (D:5)
  A centaur (D:4)
  A phantom (D:4)
  3 scorpions
  A hound (D:4)
  4 orc priests
  6 iguanas
  Ijyb (D:3)
  5 orc wizards
  4 adders
  A gnoll (D:1)
  A shadow imp (D:5)
  A dart slug (D:4)
  21 orcs
  9 ball pythons
  9 bats
  5 endoplasms
  6 giant cockroaches
  9 hobgoblins
  12 jackals
  4 kobolds
  3 quokkas (D:2)
  3 frilled lizards
  6 goblins
  8 rats
125 creatures vanquished.

Notes
Turn   | Place    | Note
-------+----------+-------------------------------------------
     0 | D:1      | qw the Minotaur Hexslinger began the quest for the Orb.
     0 | D:1      | Reached XP level 1. HP: 16/16 MP: 1/1
     0 | D:1      | 0 ||| qw: Version: 0.3-a-46-gb1f654a
     0 | D:1      | 0 ||| qw: Game counter: 1231
     0 | D:1      | 0 ||| qw: Melee chars always use a shield: true
     0 | D:1      | 0 ||| qw: God list: Okawaru
     0 | D:1      | 0 ||| qw: Allow faded altars: false
     0 | D:1      | 0 ||| qw: Do Orc after clearing Dungeon:15 true
     0 | D:1      | 0 ||| qw: Do second Lair branch before Depths: true
     0 | D:1      | 0 ||| qw: Lair rune preference: random
     0 | D:1      | 0 ||| qw: Goals: Normal
     0 | D:1      | 0 ||| PLANNING D:1-11
    97 | D:1      | Found a faded altar of an unknown god.
   111 | D:1      | Reached skill level 3 in Ranged Weapons
   111 | D:1      | Reached XP level 2. HP: 23/23 MP: 2/2
   381 | D:1      | You fall into a shaft and drop 1 floor!
   421 | D:2      | Reached XP level 3. HP: 27/29 MP: 3/3
   445 | D:2      | Found a snail-covered altar of Cheibriados.
   478 | D:2      | 478 ||| UPGRADING to +0 ring mail.
   488 | D:2      | 488 ||| DROPPING +0 robe.
   489 | D:2      | 489 ||| DROPPING amulet of magic regeneration.
   490 | D:2      | 490 ||| READING scroll labelled JEPSOY ADOUVAE.
   491 | D:2      | 491 ||| READING scroll labelled IMMA OTUNTOD.
   492 | D:2      | 492 ||| READING scroll labelled YSOEWA TUFIN.
   493 | D:2      | 493 ||| DRINKING 2 purple potions.
   494 | D:2      | 494 ||| DROPPING scroll of poison.
   496 | D:2      | 496 ||| FLEEEEING.
   497 | D:2      | 497 ||| FLEEEEING.
   498 | D:2      | 498 ||| FLEEEEING.
   499 | D:2      | 499 ||| FLEEEEING.
   500 | D:2      | 500 ||| FLEEEEING.
   501 | D:2      | 501 ||| FLEEEEING.
   502 | D:2      | 502 ||| STAIRDANCE
   525 | D:1      | Reached skill level 4 in Ranged Weapons
   702 | D:1      | Reached skill level 1 in Armour
   811 | D:2      | Reached XP level 4. HP: 14/36 MP: 4/4
   919 | D:2      | Identified the ring of Doriv {Fly rN+}
  1184 | D:2      | 1184 ||| UPGRADING to ring of Doriv {Fly rN+}.
  1185 | D:2      | 1185 ||| DROPPING ring of magical power.
  1186 | D:2      | 1186 ||| READING scroll labelled YNOUTE VOUNO.
  1187 | D:2      | 1187 ||| READING scroll labelled SUWUAJIMPA.
  1188 | D:2      | 1188 ||| READING scroll labelled XYGUST BIWO.
  1189 | D:2      | 1189 ||| READING scroll labelled SASUNO FEOCS.
  1190 | D:2      | 1190 ||| READING scroll labelled OBBEADD CITHRAM.
  1191 | D:2      | 1191 ||| DRINKING 2 dark potions.
  1307 | D:3      | 1307 ||| FLEEEEING.
  1319 | D:3      | Reached skill level 5 in Ranged Weapons
  1319 | D:3      | Reached XP level 5. HP: 13/41 MP: 5/5
  1479 | D:3      | Reached skill level 3 in Fighting
  1581 | D:3      | Noticed Ijyb
  1591 | D:3      | Paralysed by Ijyb for 3 turns
  1600 | D:3      | Paralysed by Ijyb for 3 turns
  1604 | D:3      | Killed Ijyb
  1613 | D:3      | 1613 ||| FLEEEEING.
  1614 | D:3      | 1614 ||| FLEEEEING.
  1615 | D:3      | 1615 ||| FLEEEEING.
  1625 | D:3      | 1625 ||| FLEEEEING.
  1626 | D:3      | 1626 ||| FLEEEEING.
  1627 | D:3      | 1627 ||| FLEEEEING.
  1628 | D:3      | 1628 ||| FLEEEEING.
  1629 | D:3      | 1629 ||| FLEEEEING.
  1630 | D:3      | 1630 ||| FLEEEEING.
  1631 | D:3      | 1631 ||| FLEEEEING.
  1709 | D:3      | Found a white marble altar of Elyvilon.
  1848 | D:3      | Found a snail-covered altar of Cheibriados.
  1951 | D:3      | 1951 ||| FLEEEEING.
  1952 | D:3      | 1952 ||| FLEEEEING.
  1953 | D:3      | 1953 ||| FLEEEEING.
  1954 | D:3      | 1954 ||| FLEEEEING.
  1956 | D:3      | 1956 ||| FLEEEEING.
  1957 | D:3      | 1957 ||| FLEEEEING.
  1958 | D:3      | 1958 ||| FLEEEEING.
  1959 | D:3      | 1959 ||| FLEEEEING.
  1960 | D:3      | 1960 ||| FLEEEEING.
  1961 | D:3      | 1961 ||| FLEEEEING.
  1962 | D:3      | 1962 ||| FLEEEEING.
  1963 | D:3      | 1963 ||| FLEEEEING.
  1965 | D:3      | 1965 ||| FLEEEEING.
  1966 | D:3      | 1966 ||| FLEEEEING.
  1967 | D:3      | 1967 ||| FLEEEEING.
  1968 | D:3      | 1968 ||| FLEEEEING.
  1969 | D:3      | 1969 ||| FLEEEEING.
  1970 | D:3      | 1970 ||| FLEEEEING.
  1971 | D:3      | 1971 ||| FLEEEEING.
  1972 | D:3      | 1972 ||| STAIRDANCE
  1990 | D:2      | 1990 ||| UPGRADING to +0 pair of gloves.
  1997 | D:3      | 1997 ||| STAIRDANCE
  2011 | D:3      | 2011 ||| STAIRDANCE
  2059 | D:3      | Reached skill level 6 in Ranged Weapons
  2278 | D:4      | Noticed a centaur
  2280 | D:4      | 2280 ||| Stepping ~*~*~tactically~*~*~ (outnumbered).
  2290 | D:4      | Killed a centaur
  2291 | D:4      | Reached XP level 6. HP: 29/52 MP: 6/6
  2418 | D:4      | 2418 ||| SWAPPING to +0 shortbow.
  2420 | D:4      | 2420 ||| DROPPING +1 sling.
  2455 | D:4      | Reached skill level 7 in Ranged Weapons
  2578 | D:4      | Found an opulent altar of Gozag.
  2595 | D:4      | Reached XP level 7. HP: 54/59 MP: 7/7
  2625 | D:4      | Found a staircase to the Ecumenical Temple.
  2626 | D:4      | 2626 ||| PLANNING TEMPLE
  2634 | Temple   | Entered the Ecumenical Temple
  2668 | Temple   | 2668 ||| PLANNING D:1-11
  2753 | D:4      | 2753 ||| FLEEEEING.
  2754 | D:4      | 2754 ||| FLEEEEING.
  2755 | D:4      | 2755 ||| FLEEEEING.
  2756 | D:4      | 2756 ||| FLEEEEING.
  2757 | D:4      | 2757 ||| FLEEEEING.
  2758 | D:4      | 2758 ||| FLEEEEING.
  2759 | D:4      | 2759 ||| FLEEEEING.
  2760 | D:4      | 2760 ||| FLEEEEING.
  2829 | D:4      | 2829 ||| FLEEEEING.
  2971 | D:4      | Reached skill level 8 in Ranged Weapons
  3410 | D:4      | 3410 ||| UPGRADING to amulet of reflection.
  3415 | D:4      | 3415 ||| READING scroll labelled XINUGI AFEAG.
  3416 | D:4      | 3416 ||| READING 3 scrolls labelled OLOSAKH QUFFO.
  3417 | D:4      | 3417 ||| READING 2 scrolls of enchant weapon.
  3417 | D:4      | 3417 ||| ENCHANTING +1 shortbow.
  3418 | D:4      | 3418 ||| READING scroll of enchant weapon.
  3418 | D:4      | 3418 ||| ENCHANTING +2 shortbow.
  3419 | D:4      | 3419 ||| DRINKING 3 fizzy coppery potions.
  3433 | D:5      | Entered Level 5 of the Dungeon
  3455 | D:5      | Found Ixzo's One-of-a-Kind Rings.
  3501 | D:5      | 3501 ||| BUYING +3 ring of strength (120 gold).
  3501 | D:5      | Bought a +3 ring of strength for 120 gold pieces
  3501 | D:5      | 3501 ||| SHOPLISTING +6 ring of protection (936 gold, have
                  | 40).
  3501 | D:5      | 3501 ||| SHOPLISTING ring "Ojiaq" {Drain rPois MP+9 Int+5
                  | Stlth+} (466 gold, have 40).
  3501 | D:5      | 3501 ||| SHOPLISTING ring of the Clam {rCorr EV+5} (583
                  | gold, have 40).
  3582 | D:5      | HP: 14/61 [orc/+0 club (2)]
  3583 | D:5      | 3583 ||| DRINKING 2 potions of heal wounds.
  3747 | D:5      | 3747 ||| DRINKING 2 potions of curing.
  3747 | D:5      | 3747 ||| (to cure confusion)
  3761 | D:5      | Reached skill level 9 in Ranged Weapons
  3761 | D:5      | Reached XP level 8. HP: 37/68 MP: 8/8
  3770 | D:5      | HP: 2/68 [something (20)]
  3771 | D:5      | Slain by an orc wizard

Levels and vault maps discovered:
D:1:      grunt_arrival_crossed_arrows, layout_basic,
          ebering_ecumenical_altar_mist
D:2:      layout_rooms, basic_altar, kennysheep_decorative_pillar
D:3:      layout_basic, nicolae_elyvilon_temple_path, cheibriados_altar_1,
          uniq_ijyb
D:4:      layout_basic, mainiacjoe_overflow_24_doors,
          minmay_temple_entry_stoned_glass
D:5:      minmay_general_purpose_star, layout_gridville, lemuel_round_altar,
          serial_shops, shop, nicolae_shop_unique_rings,
          nicolae_shop_firing_range, uniq_pikel
Temple:   hellmonk_temple_of_storms

Skill      XL: |  1  2  3  4  5  6  7 |
---------------+----------------------+-----
Ranged Weapons | 3 4 5 6 7 9 |  9.0
Fighting       | 2 4 5 |  5.2
Armour         | 1 2 |  2.3
Dodging        | |  2.1
Spellcasting   | |  1.0
Hexes          | |  2.0

Action                     |  1- 3 |  4- 6 |  7- 9 || total
---------------------------+-------+-------+-------++-------
   Fire: Sling             |    95 |   172 |       ||   267
         Shortbow          |       |    32 |   148 ||   180
    Use: Scroll            |     3 |     5 |     4 ||    12
         Potion            |     1 |     1 |     3 ||     5
 Armour: Robe              |     3 |       |       ||     3
         Ring mail         |     3 |    49 |    32 ||    84
  Dodge: Dodged            |    29 |    82 |    37 ||   148
  Block: Other             |       |       |    15 ||    15
         Reflection        |       |       |     1 ||     1

Table legend:
 A = Non-vault XP
 B = Vault XP
 C = Vault XP percentage of total XP
 D = Non-vault monster count
 E = Vault monster count
 F = Vault count percentage of total count
                 A         B        C        D         E       F
            +---------+---------+-------+---------+---------+-------
      Total |    1465 |      36 |   2.4 |     124 |       1 |   0.8
            +---------+---------+-------+---------+---------+-------
        D:1 |      48 |       0 |   0.0 |      22 |       0 |   0.0
        D:2 |      84 |       0 |   0.0 |      29 |       0 |   0.0
        D:3 |     176 |      36 |  17.0 |      31 |       1 |   3.1
        D:4 |     593 |       0 |   0.0 |      25 |       0 |   0.0
        D:5 |     564 |       0 |   0.0 |      17 |       0 |   0.0
            +---------+---------+-------+---------+---------+-------
